 Dungeon Crawl Stone Soup version 0.30-a0-737-gf23d94013f (webtiles) character file.

Game seed: 2459671355820353834

3292 jimonade the Covert (level 10, -5/49 HPs)
             Began as a Vine Stalker Brigand on Feb 2, 2023.
             Was a High Priest of Uskayaw.
             Succumbed to Amaemon's poison
             ... on level 8 of the Dungeon.
             The game lasted 00:17:19 (6585 turns).

jimonade the Covert (Vine Stalker Brigand)          Turns: 6585, Time: 00:17:19

Health: -5/49      AC: 12    Str: 20    XL:     10   Next: 1%
Magic:  10/22      EV: 12    Int: 11    God:    Uskayaw [*****.]
Gold:   549        SH:  4    Dex: 20    Spells: 9/9 levels left

rFire   . . .      SeeInvis .    a - +3 short sword (elec)
rCold   . . .      Faith    .    R - +0 buckler
rNeg    . . .      Spirit   +    D - +2 ring mail {Will+}
rPois   .          Reflect  .    Q - +0 helmet
rElec   .          Harm     .    A - +0 cloak
rCorr   .          Rampage  .    t - +0 pair of gloves
Will    ++...                    j - +0 pair of boots
Stlth   ++++                     (no amulet)
HPRegen 1.08/turn                o - ring of magical power
MPRegen 0.18/turn                s - +6 ring of strength

@: lethally poisoned (-5 -> -38), slowed, very slow
A: fangs 3, regeneration 1, magic shield, antimagic bite, no potion heal 2
a: Renounce Religion, Stomp, Line Pass, Grand Finale


You were on level 8 of the Dungeon.
You worshipped Uskayaw.
Uskayaw was noncommittal.
You visited 2 branches of the dungeon, and saw 9 of its levels.
You also visited: Ossuary.

You collected 549 gold pieces.

Inventory:

Hand Weapons
 a - a +3 short sword of electrocution (weapon)
 b - a +1 dagger of venom
 c - a +0 sling
 q - a +2 short sword of draining
 u - a +2 dagger of protection
Missiles
 d - 17 poisoned darts (quivered)
 e - 4 curare-tipped darts
 w - 76 stones
 x - 9 boomerangs
 J - a silver boomerang
Armour
 i - a +0 robe
 j - a +0 pair of boots (worn)
 t - a +0 pair of gloves (worn)
 y - a +0 ring mail
 z - a +0 plate armour of fire resistance
 A - a +0 cloak (worn)
 C - a +0 leather armour
 D - a +2 ring mail of willpower (worn)
 Q - a +0 helmet (worn)
 R - a +0 buckler (worn)
 U - a +3 scale mail
Jewellery
 o - a ring of magical power (left hand)
 s - a +6 ring of strength (right hand)
 T - a ring of protection from fire
Wands
 k - a wand of digging (1)
 H - a wand of paralysis (14)
 N - a wand of light (7)
Scrolls
 f - 4 scrolls of amnesia
 h - 9 scrolls of identify
 m - 3 scrolls of teleportation
 r - a scroll of immolation
 v - 2 scrolls of enchant weapon
 G - 2 scrolls of magic mapping
Potions
 g - 3 potions of brilliance {unknown}
 l - 4 potions of might {unknown}
 n - 2 potions of cancellation
 p - a potion of magic {unknown}
 B - 2 potions of degeneration {unknown}
 E - a potion of haste {unknown}
 F - 2 potions of ambrosia {unknown}
 I - a potion of resistance {unknown}
 K - a potion of flight {unknown}
 L - 2 potions of lignification {unknown}
 M - 3 potions of mutation {unknown}
 O - 2 potions of curing {unknown}
 P - 2 potions of heal wounds {unknown}
 S - a potion of invisibility {unknown}
 V - a potion of attraction {unknown}


   Skills:
 + Level 4.0 Fighting
 * Level 8.6 Short Blades
 + Level 1.9 Throwing
 + Level 2.7 Armour
 + Level 3.4 Dodging
 + Level 10.2 Stealth
 + Level 0.1 Shields
 * Level 2.9 Invocations


You had 9 spell levels left.
You didn't know any spells.
Your spell library contained the following spells:

 Spells                   Type           Power      Damage    Failure   Level
 Cigotuvi's Dreadful Rot  Necr/Pois/Air  0%         N/A       77%         2
 Stone Arrow              Conj/Erth      0%         3d7       94%         3
 Summon Guardian Golem    Hex/Summ       0%         N/A       94%         3
 Tukima's Dance           Hex            0%         N/A       94%         3
 Animate Armour           Summ/Erth      0%         N/A       100%        4
 Dispel Undead            Necr           0%         3d6       100%        4
 Passage of Golubria      Tloc           0%         N/A       100%        4
 Summon Forest            Summ/Tloc      0%         N/A       100%        5
 Yara's Violent Unravell  Hex/Tmut       0%         3d3       100%        5
 Death Channel            Necr           0%         N/A       100%        6
 Eringya's Noxious Bog    Tmut/Pois      0%         N/A       100%        6
 Orb of Destruction       Conj           0%         9d5       100%        7
 Spellforged Servitor     Conj/Summ      0%         N/A       100%        7
 Summon Hydra             Summ           0%         N/A       100%        7
 Lehudib's Crystal Spear  Conj/Erth      0%         10d2      100%        8


Dungeon Overview and Level Annotations

Branches:
Dungeon (8/15)             Temple (1/1) D:4         Ossuary (visited)
   Lair: D:8-11

Altars:
Ashenzari
Cheibriados
Dithmenos
Elyvilon
Fedhas
Gozag
Hepliaklqana
Makhleb
Nemelex Xobeh
Okawaru
Ru
Sif Muna
Trog
Uskayaw
Vehumet
Wu Jian
Xom
Yredelemnul
The Shining One

Shops:
D:3 [

Annotations:
D:5 1 runed translucent door, Crazy Yiuf
D:6 3 runed translucent doors, drugrobin's ghost, novice DgDe
D:8 Amaemon


Innate Abilities, Weirdness & Mutations

You have razor-sharp teeth.
Your natural rate of healing is unusually fast.
When hurt, damage is shared between your health and your magic reserves.
Your bite disrupts and absorbs the magic of your enemies.
Potions cannot restore your health.


Message History

You hit Amaemon. Your bite misses Amaemon.
Amaemon is severely wounded.
You feel very sick.
Amaemon hits you with a +1 demon whip of venom.
You are more poisoned.
Amaemon barely misses you.
Amaemon tail-slaps you but does no damage.
You closely miss Amaemon.
Amaemon is severely wounded.
You feel very sick. Amaemon barely misses you. Amaemon claws you.
Amaemon tail-slaps you but does no damage.
You completely miss Amaemon. Your bite misses Amaemon.
Amaemon is severely wounded.
You feel very sick.
Amaemon hits you with a +1 demon whip of venom.
You are more poisoned.
You block Amaemon's attack. Amaemon barely misses you.
You hit Amaemon. You bite Amaemon.
Amaemon's magic leaks into the air.
You drain his magic.
You feel invigorated.
Amaemon is almost dead.
* * * LOW HITPOINT WARNING * * *
You feel very sick.
Amaemon hits you with a +1 demon whip of venom.
* * * LOW HITPOINT WARNING * * *
You are more poisoned.
Amaemon misses you. Amaemon closely misses you.
You can now merge with and destroy a victim.
You hit Amaemon.
Amaemon is almost dead.
* * * LOW HITPOINT WARNING * * *
You feel extremely sick.
Amaemon hits you with a +1 demon whip of venom!
* * * LOW HITPOINT WARNING * * *
You are more poisoned.
Amaemon misses you.
Amaemon tail-slaps you but does no damage.
You hit Amaemon.
Amaemon is almost dead.
You die...

#... ###+##..#######
#...##.............
#..?##...........#
#...##...........#
#...##...........#
#................#
#................#
#......#'#######.#
#......#.# #@#
.......#.# #6#
.......#.#...F.)...#
.......#.#......).....
.......#.#......./..#.#
#))....#.#..........#
..
.†)....#.#..........#
.).##### #..........#
...# #...........


You could see Amaemon (magic disrupted).

Vanquished Creatures
  An orange demon (D:8)
  Prince Ribbit (D:5)
  Duvessa (D:5)
  An ice beast (D:6)
  An orc warrior (D:6)
  2 black bears (D:6)
  An ogre (D:7)
  4 centaurs
  A phantom (D:5)
  2 kobold brigands (D:7)
  3 bullfrogs
  A necrophage (D:6)
  A gnoll sergeant (D:8)
  2 scorpions
  Dowan (D:5)
  4 howler monkeys
  A centaur zombie (Ossuary)
  2 jellies
  4 orc priests
  7 hounds
  6 iguanas
  3 orc wizards
  2 mummies (Ossuary)
  12 gnolls
  13 adders
  4 white imps
  An ufetubus (D:5)
  A worm (D:2)
  2 dart slugs (D:2)
  29 orcs
  6 bats
  10 endoplasms
  12 giant cockroaches
  5 goblins
  5 hobgoblins
  2 quokkas
  6 ball pythons
  4 frilled lizards
  3 gnoll zombies (Ossuary)
  5 goblin zombies (Ossuary)
  3 hobgoblin zombies (Ossuary)
  14 kobolds
  2 orc zombies (Ossuary)
  4 rats
195 creatures vanquished.

Vanquished Creatures (others)
  2 plants (D:1)
2 creatures vanquished.

Grand Total: 197 creatures vanquished

Notes
Turn   | Place    | Note
-------+----------+-------------------------------------------
     0 | D:1      | jimonade the Vine Stalker Brigand began the quest for the
                  | Orb.
     0 | D:1      | Reached XP level 1. HP: 11/11 MP: 2/2
    30 | D:1      | Reached skill level 5 in Stealth
   215 | D:1      | Reached XP level 2. HP: 15/15 MP: 3/3
   447 | D:1      | Found a faded altar of an unknown god.
   709 | D:2      | Reached XP level 3. HP: 18/18 MP: 4/4
   927 | D:2      | Reached skill level 6 in Stealth
   935 | D:2      | Gained mutation: Your natural rate of healing is unusually
                  | fast. [Vine Stalker growth]
   935 | D:2      | Reached XP level 4. HP: 15/23 MP: 5/5
  1739 | D:3      | Reached skill level 1 in Dodging
  1739 | D:3      | Reached XP level 5. HP: 6/26 MP: 6/6
  1782 | D:3      | Found a blossoming altar of Fedhas.
  2020 | D:3      | Found Lahid's Antique Armour Boutique.
  2107 | D:3      | Found a snail-covered altar of Cheibriados.
  2126 | D:3      | Found an opulent altar of Gozag.
  2181 | D:3      | Found a sparkling altar of Nemelex Xobeh.
  2205 | D:3      | Found a burning altar of Makhleb.
  2257 | D:3      | Found an iron altar of Okawaru.
  2384 | D:4      | Noticed a centaur
  2391 | D:4      | Killed a centaur
  2392 | D:4      | Reached XP level 6. HP: 31/31 MP: 7/7
  2456 | D:4      | Found a sacrificial altar of Ru.
  2576 | D:4      | Found a staircase to the Ecumenical Temple.
  2587 | Temple   | Entered the Ecumenical Temple
  2717 | D:4      | Reached skill level 7 in Stealth
  2875 | D:4      | Found a sand-covered staircase.
  2883 | Ossuary  | Entered an ossuary
  3109 | D:4      | Found a hide-covered altar of Uskayaw.
  3120 | D:4      | Became a worshipper of Uskayaw the Reveller
  3123 | D:4      | Reached * piety under Uskayaw
  3124 | D:4      | Reached XP level 7. HP: 31/35 MP: 8/8
  3696 | D:5      | Entered Level 5 of the Dungeon
  3701 | D:5      | Reached skill level 5 in Short Blades
  3715 | D:5      | Reached ** piety under Uskayaw
  3721 | D:5      | Reached *** piety under Uskayaw
  3722 | D:5      | Reached **** piety under Uskayaw
  3784 | D:5      | Reached skill level 8 in Stealth
  3803 | D:5      | Reached ***** piety under Uskayaw
  3824 | D:5      | Gained mutation: You have razor-sharp teeth. [Vine Stalker
                  | growth]
  3824 | D:5      | Reached XP level 8. HP: 15/39 MP: 3/9
  3827 | D:5      | Noticed Prince Ribbit
  3974 | D:5      | Killed Prince Ribbit
  3989 | D:5      | Reached skill level 1 in Armour
  4119 | D:5      | Noticed Dowan
  4148 | D:5      | Found an ornate altar of the Wu Jian Council.
  4213 | D:5      | Reached skill level 9 in Stealth
  4275 | D:5      | Noticed Duvessa
  4288 | D:5      | Killed Duvessa
  4296 | D:5      | Killed Dowan
  4541 | D:5      | Found a runed translucent door.
  4542 | D:5      | Noticed Crazy Yiuf
  4725 | D:6      | Reached XP level 9. HP: 44/44 MP: 10/10
  4737 | D:6      | Reached skill level 1 in Invocations
  4925 | D:6      | Found a runed translucent gate.
  4925 | D:6      | Found an opulent altar of Gozag.
  4925 | D:6      | Found a runed translucent gate.
  4926 | D:6      | Found a runed translucent gate.
  4926 | D:6      | Noticed drugrobin's ghost (novice DgDe)
  5429 | D:6      | Found a radiant altar of Vehumet.
  6058 | D:7      | Found a white marble altar of Elyvilon.
  6560 | D:8      | Noticed Amaemon
  6567 | D:8      | Noticed an orange demon
  6571 | D:8      | Reached skill level 10 in Stealth
  6578 | D:8      | Killed an orange demon
  6579 | D:8      | Reached XP level 10. HP: 30/49 MP: 13/13
  6585 | D:8      | Succumbed to Amaemon's poison

Illustrated notes

Levels and vault maps discovered:
D:1:      spicycebolla_green_bress_n_ham_2, layout_basic,
          shapermc_ecumenical_altar_mp_ritualfount, minmay_misc_feat_rows
D:2:      minmay_roachtagon, layout_basic, kennysheep_doodads,
          supply_closet_lemuel, mrwooster_statue_mirror, nicolae_half_adder
D:3:      layout_basic, lightli_temple_of_fire, nemelex_diamond_rough_becter,
          nicolae_overflow_quartered_altars, serial_shops, shop_fountains
D:4:      layout_basic, nicolae_uskayaw_dance_hall,
          mainiacjoe_overflow_brackets, minmay_temple_entry_statues_pillars,
          chequers_ossuary_entry_cave
D:5:      layout_rooms, mainiacjoe_overflow_concentric_impassable, minivault_5,
          minmay_fractal_squares_diagonal_5, uniq_prince_ribbit1,
          uniq_crazy_yiuf_cottage, uniq_duvessa
D:6:      layout_loops_ring, marbit_many_paths, ebering_ghost_gozag
D:7:      layout_loops_ring, mainiacjoe_overflow_alcove_4,
          hangedman_minor_gate_pass
D:8:      cheibrodos_two_vegetables, layout_basic, uniq_amaemon
Temple:   hellmonk_temple_two_chambers

Skill      XL: |  1  2  3  4  5  6  7  8  9 |
---------------+----------------------------+-----
Stealth        | 5 6 7 8 9 10 | 10.2
Short Blades   | 2 3 4 5 7 8 |  8.6
Fighting       | 2 3 4 |  4.0
Dodging        | 1 2 3 |  3.4
Armour         | 1 2 |  2.7
Invocations    | 2 |  2.9
Throwing       | |  1.9
Shields        | |  0.1

Action                     |  1- 3 |  4- 6 |  7- 9 | 10-12 || total
---------------------------+-------+-------+-------+-------++-------
  Melee: Dagger            |    13 |       |       |       ||    13
         Bite              |    16 |    36 |    73 |     1 ||   126
         Short sword       |    43 |   178 |   235 |     7 ||   463
         Punch             |     1 |       |     3 |       ||     4
  Throw: Dart              |       |     3 |       |       ||     3
    Use: Scroll            |       |       |    12 |       ||    12
   Stab: Sleeping          |    10 |    15 |     9 |       ||    34
         Distracted        |     1 |     1 |     1 |       ||     3
         Paralysed         |       |       |    12 |       ||    12
 Armour: Robe              |    15 |    68 |     1 |       ||    84
         Leather armour    |       |       |    59 |       ||    59
         Ring mail         |       |       |    15 |     3 ||    18
  Dodge: Dodged            |    13 |   111 |   127 |     9 ||   260
  Block: Buckler           |       |       |    10 |     1 ||    11

Table legend: (Time is in decaauts)
 A = Elapsed time spent in this place.
 B = Non-inter-level travel time spent in this place.
 C = Inter-level travel time spent in this place.
 D = Time resting spent in this place.
 E = Time spent auto-exploring this place.
 F = Levels seen in this place.
 G = Mean time per level.
                   A        B        C        D        E       F      G
               +--------+--------+--------+--------+--------+-----+--------+
         Total |   6471 |   6040 |    431 |    118 |   4524 |  10 |  647.1 |
       Dungeon |   6263 |   5834 |    429 |    118 |   4454 |   8 |  782.9 |
        Temple |     27 |     25 |      2 |      0 |     11 |   1 |   27.0 |
       Ossuary |    179 |    179 |      0 |      0 |     59 |   1 |  179.0 |
               +--------+--------+--------+--------+--------+-----+--------+

Top non-repeatable levels by time:
     D:4: 1277 daAuts
     D:2: 996 daAuts
     D:6: 898 daAuts
     D:5: 833 daAuts
     D:7: 743 daAuts
     D:1: 681 daAuts
     D:3: 627 daAuts
     D:8: 205 daAuts
 Ossuary: 179 daAuts
  Temple: 27 daAuts
